 Dungeon Crawl Stone Soup version 0.32-a0-814-g0968bab981 (webtiles) character file.

Game seed: 17621095285605290013

62 smashvw the Charlatan (level 4, -1/34 HPs)
             Began as a Gnoll Wanderer on Mar 22, 2024.
             Killed by divine providence
             ... invoked by an orc priest
              (14 damage)
             ... on level 3 of the Dungeon.
             The game lasted 00:02:52 (1536 turns).

smashvw the Charlatan (Gnoll Wanderer)              Turns: 1536, Time: 00:02:53

Health: -1/34      AC:  2    Str: 11    XL:     4   Next: 8%
Magic:  4/8        EV: 11    Int: 12    God:
Gold:   72         SH:  5    Dex: 13    Spells: 7/8 levels left

rFire   . . .        a - +0 club
rCold   . . .        b - +0 buckler
rNeg    . . .        d - +0 robe
rPois   .            (no helmet)
rElec   .            (no cloak)
rCorr   .            (no gloves)
SInv    .            (no boots)
Will    .....        (no amulet)
Stlth   ++           (no ring)
HPRegen 0.25/turn    (no ring)
MPRegen 0.11/turn

%: no passive effects
@: no status effects
A: fangs 1, strong nose, distributed training
a: Convert to Beogh


You were on level 3 of the Dungeon.
You visited 1 branch of the dungeon, and saw 3 of its levels.

You collected 72 gold pieces.

Inventory:

Hand Weapons
 a - a +0 club (weapon)
Missiles
 h - 18 stones
 l - 5 poisoned darts
Armour
 b - a +0 buckler (worn)
 d - a +0 robe (worn)
Scrolls
 i - a scroll of identify {unknown}
 j - a scroll of teleportation {unknown}
 k - a scroll of summoning {unknown}
 n - a scroll of amnesia {unknown}
 p - a scroll of enchant armour {unknown}
Potions
 c - a potion of brilliance
 f - a potion of haste {unknown}
 g - 3 potions of curing {unknown}
 m - 3 potions of enlightenment {unknown}
 o - a potion of ambrosia {unknown}
Miscellaneous
 e - a condenser vane


   Skills:
 + Level 2.7 Fighting
 + Level 1.0 Short Blades
 + Level 1.0 Long Blades
 + Level 1.0 Axes
 + Level 1.0 Maces & Flails
 + Level 1.0 Polearms
 + Level 1.0 Staves
 + Level 1.0 Ranged Weapons
 + Level 1.0 Throwing
 + Level 1.0 Armour
 + Level 2.7 Dodging
 + Level 1.0 Stealth
 + Level 4.6 Shields
 + Level 1.0 Unarmed Combat
 + Level 2.9 Spellcasting
 + Level 0.8 Conjurations
 + Level 0.8 Hexes
 + Level 0.8 Summonings
 + Level 0.8 Necromancy
 + Level 0.8 Translocations
 + Level 3.8 Fire Magic
 + Level 0.8 Ice Magic
 + Level 0.8 Air Magic
 + Level 0.8 Earth Magic
 + Level 0.8 Alchemy
 + Level 1.1 Invocations
 + Level 6.6 Evocations
 + Level 1.0 Shapeshifting


You had 7 spell levels left.
You knew the following spells:

 Your Spells              Type           Power      Damage    Failure   Level
a - Foxfire               Conj/Fire      28%        2x1d5     13%         1

Your spell library contained the following spells:

 Spells                   Type           Power      Damage    Failure   Level
 Volatile Blastmotes      Fire/Tloc      14%        2d11      36%         3
 Plasma Beam              Fire/Air       3%         2x1d13    100%        6
 Starburst                Conj/Fire      3%         6d3       100%        6


Dungeon Overview and Level Annotations

Branches:
Dungeon (3/15)

Altars:


Innate Abilities, Weirdness & Mutations

You have very sharp teeth.
Your uncanny sense of smell can sniff out nearby items.
Your experience applies equally to all skills.


Message History

You conjure some foxfire!
The foxfire hits the orc.
The orc is heavily wounded.
The foxfire hits the orc wizard but does no damage.
You conjure some foxfire!
The foxfire hits the orc.
The orc is heavily wounded.
You conjure some foxfire!
The foxfire hits the orc wizard.
The orc wizard is lightly wounded.
The orc wizard closely misses you. The orc barely misses you.
The orc priest calls upon Beogh to heal the orc.
The orc's wounds heal themselves!
You conjure some foxfire!
The foxfire hits the orc wizard.
The orc wizard is moderately wounded.
The orc hits you but does no damage.
The orc wizard hits you with a +0 dagger.
You block the orc's attack.
The orc priest calls upon Beogh to heal the orc.
The orc's wounds heal themselves!
You hear a shout!
You conjure some foxfire!
The foxfire hits the orc wizard.
The orc wizard is heavily wounded.
The foxfire hits the orc wizard.
The orc wizard is heavily wounded.
The orc wizard hits you with a +0 dagger.
The orc hits you with a +0 short sword.
An orc wizard comes into view. It is wielding a +0 dagger.
The orc closely misses you.
You closely miss the orc wizard.
You bite the orc wizard, but do no damage.
The orc wizard is heavily wounded.
The foxfire hits the orc wizard.
The orc wizard is severely wounded.
The orc hits you with a +0 hand axe. The orc wizard barely misses you.
The orc hits you with a +0 short sword.
The orc priest shouts, "Surrender to Beogh and we'll let you live!" (press Y on the ability menu to convert to Beogh)
The orc attacks as it pursues you! The orc barely misses you.
The orc attacks as it pursues you! The orc hits you with a +0 hand axe.
The orc priest calls down the wrath of Beogh upon you.
Beogh smites you!
You die...

##################
#..........@oo...#
##.##########o>#.#
#.# #.o..# #.#
#........ #.#
#..#.###. #.#.#
#..#.# #.#.# ...#
# #.#.. .... #.#.#
∆ .###


You could see an orc priest, an orc wizard and 2 orcs.

Vanquished Creatures
  2 adders (D:2)
  5 dart slugs
  5 ball pythons
  2 endoplasms
  A giant cockroach (D:2)
  5 hobgoblins
  2 bats (D:1)
  A frilled lizard (D:2)
  A goblin (D:2)
  6 kobolds
  5 rats
35 creatures vanquished.

Vanquished Creatures (others)
  74 foxfires
74 creatures vanquished.

Grand Total: 109 creatures vanquished

Notes
Turn   | Place    | Note
-------+----------+-------------------------------------------
     0 | D:1      | smashvw the Gnoll Wanderer began the quest for the Orb.
     0 | D:1      | smashvw set off with the following items: a +0 club, a +0
                  | buckler, a potion of brilliance, a +0 robe, a condenser
                  | vane; and the following spell memorised: Foxfire; and the
                  | following spells available to memorise: Volatile
                  | Blastmotes.
     0 | D:1      | Reached XP level 1. HP: 17/17 MP: 4/4
   209 | D:1      | Reached XP level 2. HP: 14/23 MP: 5/5
   596 | D:1      | Reached XP level 3. HP: 27/28 MP: 4/7
   958 | D:2      | Reached skill level 1 in Invocations
  1098 | D:2      | Reached skill level 1 in Short Blades
  1098 | D:2      | Reached skill level 1 in Long Blades
  1098 | D:2      | Reached skill level 1 in Axes
  1098 | D:2      | Reached skill level 1 in Maces & Flails
  1098 | D:2      | Reached skill level 1 in Polearms
  1098 | D:2      | Reached skill level 1 in Staves
  1098 | D:2      | Reached skill level 1 in Ranged Weapons
  1098 | D:2      | Reached skill level 1 in Throwing
  1098 | D:2      | Reached skill level 1 in Armour
  1098 | D:2      | Reached skill level 1 in Stealth
  1098 | D:2      | Reached skill level 1 in Unarmed Combat
  1150 | D:2      | Reached skill level 1 in Shapeshifting
  1150 | D:2      | Reached XP level 4. HP: 32/34 MP: 4/8
  1536 | D:3      | Killed from afar by an orc priest

Illustrated notes

Levels and vault maps discovered:
D:1:      saegor_arrival_simple_c, layout_rooms
D:2:      layout_basic, kennysheep_cross_bottleneck
D:3:      gammafunk_wand_slinger, layout_basic, marbit_many_paths,
          minmay_three_crescents

Skill      XL: |  1  2  3 |
---------------+----------+-----
Invocations    | 1 |  1.1
Short Blades   | 1 |  1.0
Long Blades    | 1 |  1.0
Axes           | 1 |  1.0
Maces & Flails | 1 |  1.0
Polearms       | 1 |  1.0
Staves         | 1 |  1.0
Ranged Weapons | 1 |  1.0
Throwing       | 1 |  1.0
Armour         | 1 |  1.0
Stealth        | 1 |  1.0
Unarmed Combat | 1 |  1.0
Shapeshifting  | 1 |  1.0
Fighting       | |  2.7
Dodging        | |  2.7
Shields        | |  4.6
Spellcasting   | |  2.9
Conjurations   | |  0.8
Hexes          | |  0.8
Summonings     | |  0.8
Necromancy     | |  0.8
Translocations | |  0.8
Fire Magic     | |  3.8
Ice Magic      | |  0.8
Air Magic      | |  0.8
Earth Magic    | |  0.8
Alchemy        | |  0.8
Evocations     | |  6.6

Action                     |  1- 3 |  4- 6 || total
---------------------------+-------+-------++-------
  Melee: Club              |    70 |     5 ||    75
         Bite              |     7 |     1 ||     8
   Cast: Foxfire           |    34 |    11 ||    45
   Stab: Sleeping          |     2 |     1 ||     3
 Armour: Robe              |    48 |    10 ||    58
  Dodge: Dodged            |    38 |     5 ||    43
  Block: Buckler           |    11 |     2 ||    13

Table legend: (Time is in decaauts)
 A = Elapsed time spent in this place.
 B = Non-inter-level travel time spent in this place.
 C = Inter-level travel time spent in this place.
 D = Time resting spent in this place.
 E = Time spent auto-exploring this place.
 F = Levels seen in this place.
 G = Mean time per level.
                   A        B        C        D        E       F      G
               +--------+--------+--------+--------+--------+-----+--------+
         Total |   1562 |   1544 |     18 |      0 |   1292 |   3 |  520.7 |
       Dungeon |   1562 |   1544 |     18 |      0 |   1292 |   3 |  520.7 |
               +--------+--------+--------+--------+--------+-----+--------+

Top non-repeatable levels by time:
     D:1: 794 daAuts
     D:2: 725 daAuts
     D:3: 42 daAuts
